 Dungeon Crawl Stone Soup version 0.19.5 (webtiles) character file.

9121 BugsBunnySan the Spry (level 11, 0/49 HPs)
             Began as a Felid Berserker on Mar 24, 2017.
             Was an Elder of Trog.
             Killed from afar by a catoblepas (6 damage)
             ... with a blast of calcifying dust
             ... on level 3 of the Lair of Beasts.
             The game lasted 00:28:11 (16201 turns).

BugsBunnySan the Spry (Felid Berserker)            Turns: 16201, Time: 00:28:11

Health: 0/49       AC:  5    Str: 13    XL:     11   Next: 18%
Magic:  12/12      EV: 34    Int: 13    God:    Trog [****..]
Gold:   883        SH:  0    Dex: 21    Spells: 0 memorised, 10 levels left
                                        Lives:  0   Deaths: 2

rFire  . . .     SeeInvis +       - Unarmed
rCold  + . .     Gourm    .     (armour unavailable)
rNeg   . . .     Faith    +     (shield unavailable)
rPois  .         Spirit   .     (helmet unavailable)
rElec  .         Reflect  .     (cloak unavailable)
rCorr  .         Harm     .     (gloves unavailable)
MR     +....     Rnd*Rage +     (boots unavailable)
Stlth  ++++++....               B - amulet of faith
                                o - +3 ring of intelligence
                                e - +3 ring of slaying

@: exhausted, slowed, studying Dodging, slow
A: no armour, no weapons or thrown items, stealth, claws 1, fangs 3, molten
scales 1, see invisible, berserk 1, carnivore 3, clever 1, speed 1, robust 1,
shaggy fur 3, slow metabolism 1, subdued magic 1, sharp paws
a: Berserk, Trog's Hand, Brothers in Arms, Burn Spellbooks, Renounce Religion


You were on level 3 of the Lair of Beasts.
You worshipped Trog.
Trog was greatly pleased with you.
You were completely stuffed.

You visited 3 branches of the dungeon, and saw 14 of its levels.
You also visited: Labyrinth, Sewer and Ossuary.

You collected 883 gold pieces.

Inventory:

Jewellery
 e - a +3 ring of slaying (left paw)
 o - a +3 ring of intelligence (right paw)
 s - a cursed -3 ring of dexterity {unknown}
 B - an amulet of faith (around neck)
Wands
 c - a wand of heal wounds (4/9)
 t - a wand of digging (10/24)
Scrolls
 b - 3 scrolls of fog {unknown}
 k - 6 scrolls of noise {unknown}
 m - 2 scrolls of enchant armour {unknown}
 n - 2 scrolls of random uselessness {unknown}
 p - 2 scrolls of blinking {unknown}
 q - 4 scrolls of teleportation {unknown}
 u - a scroll of recharging
 y - 8 scrolls of remove curse
 C - a scroll of immolation {unknown}
 D - 2 scrolls of magic mapping
 E - a scroll of holy word
 F - a scroll of vulnerability
 K - a scroll of silence {unknown}
Potions
 f - 4 potions of curing
 i - a potion of cancellation
 j - 2 potions of agility
 r - 4 potions of degeneration
 w - a potion of brilliance
 x - 5 potions of flight
 z - 4 potions of haste
 I - a potion of heal wounds
Books
 l - a manual of Dodging
 v - a book of Necromancy

   Spells                             Type                      Level
   a - Pain                           Necromancy                   1
   b - Animate Skeleton               Necromancy                   1
   c - Vampiric Draining              Necromancy                   3
   d - Regeneration                   Charms/Necromancy            3
   e - Animate Dead                   Necromancy                   4
   f - Control Undead                 Necromancy                   4
   Trog disapproves of the use of such an item.
 G - a book of Changes

   Spells                             Type                      Level
   a - Beastly Appendage              Transmutation                1
   b - Sticks to Snakes               Transmutation                2
   c - Spider Form                    Transmutation/Poison         3
   d - Ice Form                       Ice/Transmutation            4
   e - Blade Hands                    Transmutation                5
   Trog disapproves of the use of such an item.
 M - a book of Misfortune

   Spells                             Type                      Level
   a - Confusing Touch                Hexes                        1
   b - Confuse                        Hexes                        3
   c - Gell's Gravitas                Hexes/Translocation          3
   d - Petrify                        Transmutation/Earth          4
   e - Metabolic Englaciation         Hexes/Ice                    5
   f - Yara's Violent Unravelling     Hexes/Transmutation          5
   Trog disapproves of the use of such an item.
Miscellaneous
 H - a phantom mirror
 J - a fan of gales
Comestibles
 a - 8 meat rations
 d - 12 royal jellies
 g - 3 slices of pizza
 h - 3 beef jerkies
 L - 2 chunks of flesh


   Skills:
 - Level 3.0 Fighting
 * Level 16.1 Dodging
 + Level 13.0 Stealth
 + Level 15.0 Unarmed Combat


You had 10 spell levels left.
You didn't know any spells.

Dungeon Overview and Level Annotations

Branches:
Dungeon (10/15)            Temple (1/1) D:6            Lair (3/6) D:10
 Shoals (0/4) Lair:2        Snake (0/4) Lair:3
    Orc: D:9-12

Altars:
Ashenzari
Cheibriados
Dithmenos
Elyvilon
Fedhas
Gozag
Hepliaklqana
Kikubaaqudgha
Nemelex Xobeh
Okawaru
Qazlal
Ru
Sif Muna
Trog
Uskayaw
Vehumet
Xom
Yredelemnul
Zin
The Shining One

Shops:
D:4 :   D:8 [


Innate Abilities, Weirdness & Mutations

You cannot wear armour.
You are incapable of wielding weapons or throwing items.
Your paws allow you to move quietly. (Stealth)
You have sharp claws.
You have razor-sharp teeth.
You have supernaturally acute eyesight. (SInv)
You are carnivorous and can eat meat at any time.
You cover ground quickly.
Your thick and shaggy fur keeps you warm. (AC +3, rC+)
You have a slow metabolism.
Your sharp claws are effective at attacking unaware monsters.
You are partially covered in molten scales. (AC +2)
You tend to lose your temper in combat.
Your mind is acute. (Int +2)
You are robust. (+10% HP)
Your spells are a little easier to cast, but a little less powerful.


Message History

You fail to use your ability.
The catoblepas snuffles in challenge.
The catoblepas breathes a plume of calcifying dust at you.
The blast of calcifying dust hits you!
* * * LOW HITPOINT WARNING * * *
You're too exhausted to go berserk.
You claw the catoblepas!
The catoblepas is lightly wounded.
You are engulfed in calcifying dust.
The catoblepas misses you.
The catoblepas stomps with a crash on the ground.
The catoblepas barely misses you.
Your skin stops crawling.
You feel less resistant to hostile enchantments.
The catoblepas breathes a plume of calcifying dust at you.
The blast of calcifying dust hits you!
* * * LOW HITPOINT WARNING * * *
You are engulfed in calcifying dust.
The catoblepas breathes a plume of calcifying dust at you.
The blast of calcifying dust hits you!
You die...

#§...# #.##.#................#
#....##......#.....##....###..
##..Y.##.....##.......#.P.###.#
#P.÷t.##.............#..#..##..
#.....##.....#........+....##.P
##....##.....#......##.....##.#
##.....#..P###..Y...###.#.##P.#
#.....P....#.##§§....#..##.##.#
###............@§....##...##...#
.................§..............#
#P#####...###..#§PP.##..#####.##.
# ##### ###.######### ##### ### #


You could see a catoblepas.

Vanquished Creatures
  Gastronok (D:9)
  Snorg (D:10)
  A minotaur (Lab)
  A catoblepas (Lair:2)
  2 hydras
  Erolcha (D:10)
  Nergalle (Lair:1)
  The ghost of magipi the Carver, a novice DEBe of Trog (D:9)
  A hill giant (D:10)
  An oklob plant (Lair:2)
  Joseph (Lair:1)
  Maurice (D:10)
  2 black mambas
  3 spiny frogs (Lair:2)
  7 komodo dragons
  A troll (D:10)
  A two-headed ogre (D:10)
  3 hippogriffs
  16 yaks
  2 wraiths (D:9)
  A hungry ghost (D:7)
  A basilisk (Lair:2)
  A steam dragon (Lair:3)
  A mottled dragon (D:10)
  Menkaure (D:7)
  A naga (Lair:3)
  5 water moccasins
  3 porcupines
  A hornet zombie (D:8)
  2 ice beasts
  3 orc warriors
  6 phantoms
  A black bear (Lair:2)
  A sky beast (D:10)
  2 necrophages (D:9)
  3 ogres
  9 wolves
  5 centaurs
  5 crocodiles
  Blork the orc (D:6)
  9 bullfrogs
  3 scorpions
  7 wights
  3 howler monkeys
  2 crimson imps
  3 centaur zombies (Ossuary)
  A bullfrog zombie (D:8)
  5 hounds
  5 jellies
  4 orc priests
  A gnoll shaman (D:7)
  6 human zombies
  3 bullfrog skeletons
  6 iguanas
  Natasha (thrice) (D:3)
  2 worker ants
  6 orc wizards
  2 killer bee zombies
  2 ogre zombies (D:9)
  A hound zombie (D:8)
  A hound skeleton (D:5)
  3 mummies
  2 worker ant zombies
  8 adders
  8 gnolls
  2 river rats (D:5)
  2 shadow imps
  12 oozes
  3 adder zombies
  12 worms
  A dart slug (D:2)
  5 leopard geckos
  26 orcs
  17 bats
  7 giant cockroaches
  8 goblins
  9 hobgoblins
  10 jackals
  9 kobolds
  A quokka (D:7)
  3 ball pythons
  8 frilled lizards
  9 hobgoblin zombies (Ossuary)
  16 kobold zombies (Ossuary)
  A leopard gecko skeleton (D:4)
  4 orc zombies (Ossuary)
  11 rats
  2 rat zombies (Ossuary)
  2 bushes (D:3)
  2 plants (D:3)
379 creatures vanquished.

Vanquished Creatures (others)
  A fungus (Lair:2)
  2 plants
3 creatures vanquished.

Grand Total: 382 creatures vanquished

Notes
Turn   | Place    | Note
-------+----------+-------------------------------------------
     0 | D:1      | BugsBunnySan the Felid Berserker began the quest for the Orb.
     0 | D:1      | Reached XP level 1. HP: 10/10 MP: 2/2
   548 | D:1      | Reached XP level 2. HP: 14/14 MP: 3/3
  1027 | D:1      | Reached skill level 5 in Dodging
  1485 | D:2      | Reached XP level 3. HP: 17/17 MP: 4/4
  1581 | D:2      | Found a faded altar of an unknown god.
  1968 | D:2      | Reached ** piety under Trog
  2656 | D:2      | Reached XP level 4. HP: 21/21 MP: 5/5
  2743 | D:2      | Found a sparkling altar of Nemelex Xobeh.
  3068 | D:2      | Reached skill level 1 in Stealth
  3596 | D:3      | Reached skill level 6 in Dodging
  3599 | D:3      | Reached XP level 5. HP: 24/24 MP: 6/6
  4286 | D:3      | Noticed Natasha
  4297 | D:3      | Killed Natasha
  4601 | D:3      | Noticed Natasha
  4603 | D:3      | Killed Natasha
  4693 | D:3      | Reached skill level 7 in Dodging
  4693 | D:3      | Gained mutation: You are covered in thick fur. (AC +2) [Felid growth]
  4693 | D:3      | Reached XP level 6. HP: 23/28 MP: 7/7
  4868 | D:3      | Noticed Natasha
  4877 | D:3      | Killed Natasha
  5395 | D:4      | Reached *** piety under Trog
  5395 | D:4      | Reached skill level 5 in Unarmed Combat
  5589 | D:4      | Found Liugiulo's Book Shop.
  5822 | D:5      | Entered Level 5 of the Dungeon
  5944 | D:5      | Reached skill level 8 in Dodging
  5944 | D:5      | Reached XP level 7. HP: 11/31 MP: 8/8
  6065 | D:5      | Found a sand-covered staircase.
  6075 | Ossuary  | Entered an ossuary
  6483 | D:5      | Found a glowing drain.
  6490 | Sewer    | Entered a sewer
  6929 | Sewer    | Gained mutation: You are partially covered in molten scales. (AC +2) [potion of mutation]
  6929 | Sewer    | Gained mutation: Your thick and shaggy fur keeps you warm. (AC +3, rC+) [potion of mutation]
  6929 | Sewer    | Gained mutation: You are clumsy. (Dex -2) [potion of mutation]
  6930 | Sewer    | Gained mutation: Your spells are a little easier to cast, but a little less powerful. [potion of mutation]
  6930 | Sewer    | Gained mutation: You tend to lose your temper in combat. [potion of mutation]
  6930 | Sewer    | Lost mutation: You are clumsy. (Dex -2) [potion of mutation]
  7014 | Sewer    | Reached **** piety under Trog
  7337 | D:5      | Reached skill level 9 in Dodging
  7381 | D:5      | Reached skill level 5 in Stealth
  7381 | D:5      | Reached XP level 8. HP: 28/34 MP: 9/9
  7382 | D:5      | Found a blossoming altar of Fedhas.
  7708 | D:6      | Found a staircase to the Ecumenical Temple.
  7775 | D:6      | Found a shimmering altar of Xom.
  7853 | D:6      | Noticed Blork the orc
  7864 | D:6      | Killed Blork the orc
  8475 | D:7      | Reached skill level 10 in Dodging
  8475 | D:7      | Reached XP level 9. HP: 31/37 MP: 10/10
  8526 | D:7      | Found an iron altar of Okawaru.
  8605 | D:7      | Noticed Menkaure
  8613 | D:7      | Killed Menkaure
  9452 | D:8      | Reached ***** piety under Trog
  9536 | D:8      | Reached skill level 10 in Unarmed Combat
  9966 | D:8      | Found a deep blue altar of Sif Muna.
 10012 | D:8      | Found Bixa's Armour Shoppe.
 10013 | D:8      | Reached skill level 11 in Dodging
 10276 | D:9      | You fall through a shaft!
 10276 | D:10     | Entered Level 10 of the Dungeon
 10371 | D:9      | Noticed Gastronok
 10389 | D:9      | Killed Gastronok
 10389 | D:9      | Reached skill level 12 in Dodging
 10389 | D:9      | Reached XP level 10. HP: 42/42 MP: 11/11
 10731 | D:9      | Found a basalt altar of Yredelemnul.
 10850 | D:9      | Noticed magipi's ghost (novice DEBe)
 10863 | D:9      | Killed magipi's ghost
 11118 | Temple   | Entered the Ecumenical Temple
 11466 | D:10     | Noticed a hill giant
 11476 | D:10     | Killed a hill giant
 11517 | D:10     | Reached XP level 11. HP: 27/45 MP: 12/12
 11652 | D:10     | Noticed Erolcha
 11662 | D:10     | Killed Erolcha
 11662 | D:10     | Reached skill level 10 in Stealth
 11725 | D:10     | Noticed Snorg
 11746 | D:10     | Killed Snorg
 12088 | D:10     | Noticed Maurice
 12102 | D:10     | Killed Maurice
 12470 | D:10     | Reached skill level 13 in Dodging
 12580 | D:10     | Found a staircase to the Lair.
 12669 | Lair:1   | Entered Level 1 of the Lair of Beasts
 12669 | Lair:1   | Noticed Joseph
 12679 | Lair:1   | Killed Joseph
 12860 | Lair:1   | Noticed Nergalle
 12876 | Lair:1   | Killed Nergalle
 12877 | Lair:1   | HP: 2/45 [yak (13)]
 13101 | Lair:1   | Noticed a four-headed hydra
 13109 | Lair:1   | Killed a four-headed hydra
 13109 | Lair:1   | Mutation became permanent: Your thick and shaggy fur keeps you warm. (AC +3, rC+) [Felid growth]
 13109 | Lair:1   | Reached XP level 12. HP: 48/48 MP: 13/13
 13249 | Lair:1   | You fall through a shaft!
 13249 | Lair:2   | Found a labyrinth entrance.
 13252 | Lab      | Entered a labyrinth
 13304 | Lab      | Noticed a minotaur
 13308 | Lab      | Noticed a centaur warrior
 13311 | Lab      | Killed a minotaur
 13488 | Lair:2   | Found a shimmering altar of Xom.
 14086 | Lair:1   | Gained mutation: You are robust. (+10% HP) [potion of mutation]
 14086 | Lair:1   | Gained mutation: Your mind is acute. (Int +2) [potion of mutation]
 14190 | Lair:2   | Reached skill level 14 in Dodging
 14343 | Lair:2   | Found a staircase to the Shoals.
 14864 | Lair:2   | Noticed a catoblepas
 14868 | Lair:2   | Noticed a seven-headed hydra
 14877 | Lair:2   | HP: 3/78 [seven-headed hydra (6)]
 14877 | Lair:2   | Slain by a seven-headed hydra
 14878 | Lair:2   | Reached XP level 11. HP: 0/73 MP: 12/12
 14898 | Lair:2   | HP: 1/49 [seven-headed hydra (6)]
 14905 | Lair:2   | Killed from afar by a catoblepas
 14906 | Lair:2   | Reached XP level 10. HP: -2/46 MP: 11/11
 14907 | Lair:2   | Killed a catoblepas
 14909 | Lair:2   | Killed a seven-headed hydra
 15148 | Lair:2   | Reached skill level 15 in Dodging
 15632 | Lair:2   | Noticed a spiny frog
 15638 | Lair:2   | Killed a spiny frog
 15711 | Lair:2   | Killed an oklob plant
 15938 | Lair:3   | Reached XP level 11. HP: 49/49 MP: 12/12
 16036 | Lair:3   | Found a staircase to the Snake Pit.
 16161 | Lair:3   | Reached skill level 15 in Unarmed Combat
 16170 | Lair:3   | Reached skill level 16 in Dodging
 16177 | Lair:3   | Noticed a catoblepas
 16180 | Lair:3   | HP: 1/49 [steam dragon/ball of steam (10)]
 16201 | Lair:3   | Killed from afar by a catoblepas

Skill      XL: |  1  2  3  4  5  6  7  8  9 10 11 12 |
---------------+-------------------------------------+-----
Dodging        | 5 6 7 8 9 10 12 15 16 14 | 16.1
Stealth        | 1 3 5 7 8 13 12 | 13.0
Unarmed Combat | 4 5 6 8 11 12 15 | 15.0
Fighting       | |  3.0

Action                   |  1- 3 |  4- 6 |  7- 9 | 10-12 || total
-------------------------+-------+-------+-------+-------++-------
Melee: Unarmed           |   116 |   345 |   435 |   409 ||  1305
       Bite              |    10 |    69 |    57 |    64 ||   200
       Punch             |     1 |     9 |    14 |    35 ||    59
Invok: Berserk           |     2 |     5 |    14 |    17 ||    38
       Trog's Hand       |       |     3 |    13 |    10 ||    26
       Burn Spellbooks   |       |       |       |     1 ||     1
       Brothers in Arms  |       |       |       |     1 ||     1
  Use: Potion            |     1 |       |     9 |     9 ||    19
       Scroll            |       |       |       |    10 ||    10
 Stab: Sleeping          |     3 |     9 |    21 |    25 ||    58
       Distracted        |     1 |     1 |       |     1 ||     3
       Petrified         |       |       |       |     1 ||     1
       Invisible         |       |       |       |     1 ||     1
  Eat: Chunk             |    13 |    12 |    30 |    37 ||    92
Armor: Skin              |     5 |    15 |    29 |    25 ||    74
Dodge: Dodged            |    68 |   216 |   480 |   356 ||  1120
